 Dungeon Crawl Stone Soup version 0.31.0-2-g5a2aebc5c2 (webtiles) character file.

Game seed: 9697196001233844423

22 EnegeticOcto the Covered (level 2, 0/27 HPs)
             Began as a Minotaur Fighter on Jan 20, 2024.
             Succumbed to a kobold's poison
             ... on level 1 of the Dungeon.
             The game lasted 00:00:11 (257 turns).

EnegeticOcto the Covered (Minotaur Fighter)          Turns: 257, Time: 00:00:12

Health: 0/27       AC:  7    Str: 20    XL:     2   Next: 68%
Magic:  1/1        EV:  9    Int:  5    God:
Gold:   25         SH:  4    Dex:  9    Spells: 1/1 levels left

rFire   . . .        a - +0 war axe
rCold   . . .        c - +0 buckler
rNeg    . . .        b - +0 scale mail
rPois   .            (helmet restricted)
rElec   .            (no cloak)
rCorr   .            (no gloves)
SInv    .            (no boots)
Will    .....        (no amulet) Stlth
                     (no ring)
HPRegen 0.24/turn    (no ring)
MPRegen 0.07/turn

%: no passive effects
@: lethally poisoned (0 -> -4)
A: horns 2, retaliatory headbutt
a: no special abilities


You were on level 1 of the Dungeon.
You visited 1 branch of the dungeon, and saw 1 of its levels.

You collected 25 gold pieces.

Inventory:

Hand Weapons
 a - a +0 war axe (weapon)
Armour
 b - a +0 scale mail (worn)
 c - a +0 buckler (worn)
Scrolls
 f - a scroll of immolation {unknown}
 g - a scroll of fear {unknown}
Potions
 d - a potion of might {@q3}
 e - 2 potions of enlightenment {unknown}


   Skills:
 + Level 3.9 Fighting
 * Level 3.1 Axes
 + Level 3.9 Armour
 + Level 3.9 Shields


You had one spell level left.
You didn't know any spells.
Your spell library was empty.

Dungeon Overview and Level Annotations

Branches:
Dungeon (1/15)

Altars:


Innate Abilities, Weirdness & Mutations

You have a pair of horns on your head.
You reflexively headbutt those who attack you in melee.


Message History

The endoplasm enters a dispersal trap!
The goblin blinks!
You blink.
No target in view!
No target in view!
No target in view!
There are monsters nearby!
There are monsters nearby!
The endoplasm freezes you.
You are frozen.
You barely miss the goblin. Your headbutt misses the goblin.
You hit the endoplasm. The goblin barely misses you. You furiously retaliate!
You headbutt the goblin!
You kill the goblin!
The endoplasm freezes you.
You are frozen.
You hit the endoplasm. You headbutt the endoplasm.
The endoplasm is severely wounded.
The endoplasm freezes you.
You are frozen.
The endoplasm hits you.
You slash the endoplasm!
You kill the endoplasm!
No target in view!
No target in view!
No target in view!
You now have 25 gold pieces (gained 10).
e - 2 silvery potions (gained 1)
A hobgoblin comes into view.
The hobgoblin shouts!
You hear a shout!
The hobgoblin moves out of view.
A goblin comes into view. It is wielding a +0 club.
There are monsters nearby!
There are monsters nearby!
The hobgoblin closely misses you. You furiously retaliate!
You headbutt the hobgoblin!
You kill the hobgoblin!
You miss the goblin. Your headbutt misses the goblin.
The goblin hits you but does no damage. The goblin hits you with a +0 club.
You barely miss the goblin. You headbutt the goblin.
You kill the goblin!
No target in view!
A bat comes into view.
Found 5 gold pieces.
A bat is nearby!
A bat is nearby!
A bat comes into view.
The bat hits you.
You barely miss the bat. You block the bat's attack.
The bat hits you but does no damage.
You miss the bat. Your headbutt misses the bat.
The bat hits you but does no damage. The bat barely misses you. x2
You furiously retaliate!
You headbutt the bat!
You kill the bat!
You block the bat's attack.
You miss the bat. The bat hits you but does no damage.
You block the bat's attack.
You hit the bat.
You kill the bat!
No target in view!
A kobold comes into view. It is wielding a +2 whip of venom.
The kobold shouts!
A kobold is nearby!
A kobold is nearby!
A quokka comes into view.
The kobold hits you but does no damage.
You are poisoned.
You barely miss the kobold.
You feel very sick. The kobold barely misses you.
The kobold hits you with a +2 whip of venom.
You are more poisoned.
You barely miss the kobold.
You feel very sick. You block the kobold's attack.
You closely miss the kobold.
You feel sick. The kobold hits you but does no damage.
You are more poisoned.
You barely miss the quokka. You closely miss the kobold.
You feel very sick. The quokka bites you.
* * * LOW HITPOINT WARNING * * *
The kobold closely misses you. You furiously retaliate!
You headbutt the kobold.
You kill the kobold!
The quokka barely misses you.
There is a lethal amount of poison in your body!
There is a lethal amount of poison in your body!
You are too injured to fight recklessly!
You are too injured to fight recklessly!
You are too injured to fight recklessly!
You slash the quokka!
You kill the quokka!
* * * LOW HITPOINT WARNING * * *
You feel very sick.
* * * LOW HITPOINT WARNING * * *
You feel sick.
You see here a quokka corpse.
* * * LOW HITPOINT WARNING * * *
You feel sick.
* * * LOW HITPOINT WARNING * * *
You feel sick.
You die...

#.# #. #.# #.#### #.#...
################..... ..
................)....
.......?..........#.....
.....##....†..###.#.....
.......@......# #...###.
.......)......# ###..##
..............#####...##
..#...........#.........
# +......$....#.........
#...........#.........
#..........$#####.....
##..........# #.....
#.########## ######


There were no monsters in sight!

Vanquished Creatures
  2 ball pythons (D:1)
  2 endoplasms (D:1)
  3 giant cockroaches (D:1)
  3 goblins (D:1)
  A hobgoblin (D:1)
  2 kobolds (D:1)
  2 quokkas (D:1)
  3 bats (D:1)
18 creatures vanquished.

Notes
Turn   | Place    | Note
-------+----------+-------------------------------------------
     0 | D:1      | EnegeticOcto the Minotaur Fighter began the quest for the
                  | Orb.
     0 | D:1      | Reached XP level 1. HP: 19/19 MP: 0/0
   147 | D:1      | Reached XP level 2. HP: 27/27 MP: 1/1
   256 | D:1      | HP: 1/27 [poisoned by a kobold]
   257 | D:1      | Succumbed to a kobold's poison

Illustrated notes

Levels and vault maps discovered:
D:1:      dpeg_arrival_erosion, layout_basic

Skill      XL: |  1  2 |
---------------+-------+-----
Axes           | 3 |  3.1
Fighting       | |  3.9
Armour         | |  3.9
Shields        | |  3.9

Action                     || total
---------------------------++-------
  Melee: War axe           ||    25
         Headbutt          ||     5
 Armour: Scale mail        ||    17
  Dodge: Dodged            ||    11
  Block: Buckler           ||     5
